 Dungeon Crawl Stone Soup version 0.29.1-1-gd02db6906a (webtiles) character file.

Game seed: 9573935703024437215

16 RascalDebosk the Stinger (level 2, -5/19 HPs)
             Began as a Merfolk Venom Mage on Sept 25, 2022.
             Slain by Sigmund
             ... wielding a +0 antimagic scythe
              (6 damage)
             ... on level 2 of the Dungeon.
             The game lasted 00:08:44 (1249 turns).

RascalDebosk the Stinger (Merfolk Venom Mage)       Turns: 1249, Time: 00:08:45

Health: -5/19      AC:  2    Str:  8    XL:     2   Next: 54%
Magic:  1/5        EV: 13    Int: 14    God:
Gold:   34         SH:  0    Dex: 14    Spells: 2/5 levels left

rFire   . . .      SeeInvis .   g - +1 whip (flame)
rCold   . . .      Faith    .   (no shield)
rNeg    . . .      Spirit   .   a - +0 robe
rPois   .          Reflect  .   (no helmet)
rElec   .          Harm     .   (no cloak)
rCorr   .          Rampage  .   (no gloves)
Will    .....                   (no boots)
Stlth   ++........              (no amulet)
HPRegen 0.06/turn               c - ring of wizardry
MPRegen 0.09/turn               (no ring)

@: no status effects
A: (nimble swimmer 2), mertail
a: no special abilities


You were on level 2 of the Dungeon.
You visited 1 branch of the dungeon, and saw 2 of its levels.

You collected 34 gold pieces.

Inventory:

Hand Weapons
 g - a +1 whip of flaming (weapon)
Armour
 a - a +0 robe (worn)
Jewellery
 c - a ring of wizardry (left hand)
Scrolls
 e - a scroll of identify {unknown}
 i - a scroll of blinking {unknown}
Potions
 b - a potion of magic
 d - a potion of degeneration {unknown}
 f - 2 potions of cancellation {unknown}
 h - a potion of might {unknown}
 j - a potion of flight {unknown}
 k - a potion of brilliance {unknown}


   Skills:
 + Level 3.0 Dodging
 + Level 2.4 Stealth
 + Level 2.1 Spellcasting
 + Level 1.7 Transmutations
 + Level 3.4 Poison Magic
 + Level 0.8 Invocations


You had 2 spell levels left.
You knew the following spells:

 Your Spells              Type           Power      Damage    Failure   Level
a - Sting                 Tmut/Pois      32%        1d4       3%          1
b - Poisonous Vapours     Pois/Air       12%        N/A       7%          2

Your spell library contained the following spells:

 Spells                   Type           Power      Damage    Failure   Level
 Mephitic Cloud           Conj/Pois/Air  4%         N/A       17%         3
 Olgreb's Toxic Radiance  Pois           11%        N/A       22%         4


Dungeon Overview and Level Annotations

Branches:
Dungeon (2/15)

Altars:

Annotations:
D:2 Sigmund


Innate Abilities, Weirdness & Mutations

((You are very nimble when in or above water. (Stealth+, EV+, Speed+++)))
Your lower body shifts to a powerful aquatic tail in water.


Message History

Aiming: Poisonous Vapours (safe; 8% risk of failure)
Press: ? - help, Dir - move target, f - bat
Aim: a bat (asleep) Poisonous vapours surround the bat!
The bat is poisoned.
You hit the bat. You burn the bat.
You kill the bat!
You see here a bat corpse.
k - a purple potion
Found a dagger.
A bat comes into view.
Casting: Poisonous Vapours (safe; 8% risk of failure)
Confirm with . or Enter, or press ? or * to list all spells.
Aiming: Poisonous Vapours (safe; 8% risk of failure)
Press: ? - help, Dir - move target, f - bat
Aim: a bat Poisonous vapours surround the bat!
The bat is poisoned.
Aiming: Sting (safe; 3% risk of failure)
Press: ? - help, Q - select action, (/) - cycle Shift-Dir - straight line, f/p - bat
Aim: a bat (poisoned, 52% to hit)
The sting hits the bat.
The bat looks even sicker.
The bat is heavily wounded.
The bat barely misses you.
Aiming: Sting (safe; 3% risk of failure)
Press: ? - help, Q - select action, (/) - cycle Shift-Dir - straight line, f/p - bat
Aim: a bat (heavily wounded, very poisoned, 52% to hit)
The sting hits the bat.
The bat looks even sicker.
The bat is severely wounded.
* * * LOW MAGIC WARNING * * *
The bat barely misses you.
Aiming: Sting (safe; 3% risk of failure)
Press: ? - help, Q - select action, (/) - cycle Shift-Dir - straight line, f/p - bat
Aim: a bat (severely wounded, very poisoned, 52% to hit)
The sting hits the bat.
The bat looks as sick as possible!
You kill the bat!
* * * LOW MAGIC WARNING * * *
You start resting.
Magic restored.
Sigmund the Dreaded comes into view.
He is wielding a +0 antimagic scythe and wearing a +2 robe of positive energy.
Sigmund shouts!
Casting: Sting (safe; 3% risk of failure)
Confirm with . or Enter, or press ? or * to list all spells.
Aiming: Poisonous Vapours (safe; 7% risk of failure)
Press: ? - help, Dir - move target, f - Sigmund
Aim: Sigmund, wielding a +0 antimagic scythe and wearing a +2 robe of positive energy Poisonous vapours surround Sigmund!
Sigmund is poisoned.
Sigmund points at you and mumbles some strange words.
You are confused.
You see here a +0 dagger.
You're too confused to move!
Sigmund looks more healthy.
You bump into the rock wall.
You feel less confused.
Sigmund points at you and mumbles some strange words.
You resist with significant effort.
Aiming: Sting (safe; 3% risk of failure)
Press: ? - help, Q - select action, (/) - cycle Shift-Dir - straight line, f/p - Sigmund
Aim: Sigmund, wielding a +0 antimagic scythe and wearing a +2 robe of positive energy (lightly wounded, 64% to hit)
The sting misses Sigmund.
Sigmund casts a spell at you.
You are confused.
You're too confused to cast spells.
You're too confused to cast spells.
Sigmund points at you and mumbles some strange words.
The magic dart hits you.
You bump into the rock wall.
You bump into the rock wall.
Sigmund says, "Now you see me, now you don't..."
Sigmund misses you.
Found 10 gold pieces.
You feel less confused.
Aiming: Sting (safe; 3% risk of failure)
Press: ? - help, Q - select action, (/) - cycle Shift-Dir - straight line, f/p - Sigmund
Aim: Sigmund, wielding a +0 antimagic scythe and wearing a +2 robe of positive energy (lightly wounded, 64% to hit)
The sting hits Sigmund but does no damage.
Sigmund is poisoned.
Sigmund is lightly wounded.
Sigmund casts a spell at you.
You are confused.
You bump into the rock wall.
Sigmund closely misses you.
You bump into the rock wall.
Sigmund barely misses you.
You bump into the rock wall.
You bump into the rock wall.
Sigmund barely misses you.
You bump into the rock wall.
You feel less confused.
Sigmund gestures wildly while chanting.
Sigmund flickers and vanishes!
Deactivating autopickup; reactivate with Ctrl-A.
You closely miss something. Something hits you!
Ouch! That really hurt!
* * * LOW HITPOINT WARNING * * *
You feel your power leaking away.
* * * LOW MAGIC WARNING * * *
You closely miss something. You barely miss something. Something hits you.
* * * LOW HITPOINT WARNING * * *
You completely miss something. Something hits you.
You die...

##############
#............#
######
#.##########.#
#..... #.# #.#
#.#### #.#
#.####.####
####.###
#.......†.#
#......######
######.##.#
#.##†..{@...#
#.##.# ..
#...####......
#.....
...#.##..)#
..... ####.#
..........#
.... #.....
...#$.......#
... #.....
#........# .$
#..###
....#........
# #..# #
####.#.#...###
#..###
#.#.#...#
#.....


There were no monsters in sight!

Vanquished Creatures
  3 bats
  3 endoplasms (D:1)
  A hobgoblin (D:1)
  2 kobolds (D:1)
  A ball python (D:1)
  2 frilled lizards (D:1)
  2 goblins (D:1)
  A rat (D:2)
15 creatures vanquished.

Notes
Turn   | Place    | Note
-------+----------+-------------------------------------------
     0 | D:1      | RascalDebosk the Merfolk Venom Mage began the quest for the
                  | Orb.
     0 | D:1      | Reached XP level 1. HP: 13/13 MP: 3/3
   463 | D:1      | Reached XP level 2. HP: 19/19 MP: 1/5
  1090 | D:2      | Learned a level 2 spell: Poisonous Vapours
  1225 | D:2      | Noticed Sigmund
  1249 | D:2      | Slain by Sigmund

Illustrated notes

Levels and vault maps discovered:
D:1:      dpeg_arrival_oval, layout_basic, shapermc_ecumenical_altar_petra,
          chequers_serial_rivers_micro_d
D:2:      minmay_roachtagon, layout_loops_cross, uniq_sigmund, uniq_natasha

Skill      XL: |  1  2 |
---------------+-------+-----
Dodging        | 3 |  3.0
Stealth        | |  2.4
Spellcasting   | |  2.1
Transmutations | |  1.7
Poison Magic   | |  3.4
Invocations    | |  0.8

Action                   || total
-------------------------++-------
Melee: Whip              ||     7
 Cast: Sting             ||    29
       Poisonous Vapours ||     3
Armor: Robe              ||     2
Dodge: Dodged            ||    11
